 Dungeon Crawl Stone Soup version 0.32-a0-391-gce5c0aa (webtiles) character file.

Game seed: 7674824585406486517

624 Nithhogg the Trooper (level 7, 0/61 HPs)
             Began as a Mountain Dwarf Fighter on Feb 19, 2024.
             Was an Initiate of Qazlal.
             Slain by a water moccasin (6 damage)
             ... on level 6 of the Dungeon.
             The game lasted 00:05:05 (3450 turns).

Nithhogg the Trooper (Mountain Dwarf Fighter)       Turns: 3450, Time: 00:05:05

Health: 0/61       AC:  7    Str: 20    XL:     7   Next: 22%
Magic:  10/10      EV:  9    Int:  9    God:    Qazlal [......]
Gold:   241        SH:  4    Dex:  9    Spells: 6/6 levels left

rFire   . . .        a - +0 war axe
rCold   . . .        c - +0 buckler
rNeg    . . .        b - +0 scale mail
rPois   .            (no helmet)
rElec   .            (no cloak)
rCorr   .            (no gloves)
SInv    .            (no boots)
Will    .....        (no amulet) Stlth
                     (no ring)
HPRegen 0.30/turn    (no ring)
MPRegen 0.12/turn

%: no passive effects
@: hasted, very quick
A: runic magic, artefact enchanting
a: Renounce Religion


You were on level 6 of the Dungeon.
You worshipped Qazlal.
Qazlal was noncommittal.
You visited 2 branches of the dungeon, and saw 7 of its levels.

You collected 241 gold pieces.

Inventory:

Hand Weapons
 a - a +0 war axe (weapon)
 p - a +0 heavy hand axe
Missiles
 j - 5 atropa-tipped darts (quivered)
 m - 6 poisoned darts
Armour
 b - a +0 scale mail (worn)
 c - a +0 buckler (worn)
 l - a +1 plate armour
Jewellery
 f - a ring of wizardry
 h - an amulet of magic regeneration
Wands
 d - a wand of flame (12)
 i - a wand of digging (5)
Scrolls
 e - 3 scrolls of revelation
 g - 3 scrolls of identify
 q - a scroll of enchant armour
Potions
 k - 3 potions of curing
 o - a potion of haste
 r - 2 potions of degeneration {unknown}


   Skills:
 + Level 5.4 Fighting
 + Level 5.1 Axes
 + Level 5.4 Armour
 - Level 3.2 Shields
 + Level 4.8 Invocations


You had 6 spell levels left.
You didn't know any spells.
Your spell library contained the following spells:

 Spells                   Type           Power      Damage    Failure   Level
 Foxfire                  Conj/Fire      0%         2x1d4     54%         1
 Sublimation of Blood     Necr           0%         N/A       67%         2
 Dazzling Flash           Conj/Hex       0%         N/A       88%         3
 Volatile Blastmotes      Fire/Tloc      0%         2d10      88%         3
 Petrify                  Alch/Erth      0%         N/A       99%         4
 Irradiate                Conj/Alch      0%         3d11      100%        5
 Plasma Beam              Fire/Air       0%         2x1d10    100%        6
 Starburst                Conj/Fire      0%         6d3       100%        6
 Maxwell's Capacitive Co  Air            0%         ∞         100%        8


Dungeon Overview and Level Annotations

Branches:
Dungeon (6/15)             Temple (1/1) D:4

Altars:
Cheibriados
Dithmenos
Fedhas
Qazlal
Ru
Sif Muna
Trog
Vehumet
Zin

Annotations:
D:5 2 runed translucent doors, CumLord's ghost, amateur FoFi


Innate Abilities, Weirdness & Mutations

Your spellcasting is much less encumbered by armour.
You can use scrolls of enchantment on lesser artefacts.


Message History

The ice beast is moderately wounded.
You hit the orc. The orc hits you but does no damage.
The ice beast hits you but does no damage.
You hit the ice beast.
The ice beast is moderately wounded.
You hit the orc but do no damage. The orc barely misses you.
The ice beast barely misses you.
The ice beast hits you but does no damage.
The orc barely misses you.
You hit the ice beast.
The ice beast is heavily wounded.
You hit the orc. You hit the water moccasin. The water moccasin bites you.
The water moccasin bites you!
The ice beast hits you but does no damage.
The orc hits you but does no damage.
You hit the ice beast.
The ice beast is severely wounded.
You hit the orc. You barely miss the water moccasin.
The water moccasin barely misses you. The orc hits you but does no damage.
The ice beast hits you. The ice beast freezes you!
The water moccasin barely misses you.
You are too injured to fight recklessly!
You are too injured to fight recklessly!
You are too injured to fight recklessly!
Okay, then.
Okay, then.
It was a potion of cancellation.
You feel magically purged. The water moccasin closely misses you.
The ice beast hits you but does no damage.
The orc barely misses you.
It was a potion of haste.
You feel yourself speed up. The water moccasin barely misses you.
The ice beast hits you. The ice beast freezes you!
* * * LOW HITPOINT WARNING * * *
The orc hits you with a +1 short sword of protection.
* * * LOW HITPOINT WARNING * * *
Okay, then.
The water moccasin attacks as it pursues you!
The water moccasin bites you.
You die...

#...... #......
#+###
#......##...##
#............#
#............#
#.....?.....#
##....o.....#
#.....Y.S...#
#.......@<..#
#.............♣
#...........#...#
#...........# ###
#.............
#..............
#..#...###..##>.
###... ### ..


You could see a water moccasin, an ice beast and an orc.

Vanquished Creatures
  A black bear (D:5)
  An ice beast (D:5)
  A phantom (D:5)
  2 hounds
  2 iguanas (D:4)
  A sleepcap (D:5)
  An orc wizard (D:5)
  Ijyb (D:3)
  5 adders
  3 ribbon worms
  3 dart slugs
  6 orcs
  3 ball pythons
  9 bats
  8 endoplasms
  4 giant cockroaches
  5 goblins
  5 hobgoblins
  A quokka (D:5)
  2 frilled lizards (D:1)
  9 kobolds
  7 rats
80 creatures vanquished.

Notes
Turn   | Place    | Note
-------+----------+-------------------------------------------
     0 | D:1      | Nithhogg the Mountain Dwarf Fighter began the quest for the
                  | Orb.
     0 | D:1      | Reached XP level 1. HP: 19/19 MP: 1/1
    66 | D:1      | Reached skill level 1 in Invocations
    66 | D:1      | Reached XP level 2. HP: 25/26 MP: 2/2
   165 | D:1      | Reached XP level 3. HP: 24/33 MP: 4/4
   832 | D:2      | Found a faded altar of an unknown god.
  1112 | D:2      | Reached XP level 4. HP: 27/40 MP: 5/5
  1487 | D:3      | Found a bloodstained altar of Trog.
  1728 | D:3      | Noticed Ijyb
  1741 | D:3      | Killed Ijyb
  1743 | D:3      | Reached XP level 5. HP: 15/46 MP: 5/7
  2512 | D:4      | Found a staircase to the Ecumenical Temple.
  2531 | Temple   | Entered the Ecumenical Temple
  2537 | Temple   | Became a worshipper of Qazlal Stormbringer
  2729 | D:5      | Entered Level 5 of the Dungeon
  2751 | D:5      | Reached XP level 6. HP: 53/53 MP: 8/8
  3022 | D:5      | Reached skill level 5 in Fighting
  3022 | D:5      | Reached skill level 5 in Armour
  3076 | D:5      | Noticed an ice beast
  3083 | D:5      | Killed an ice beast
  3084 | D:5      | Reached XP level 7. HP: 61/61 MP: 10/10
  3119 | D:5      | Reached skill level 5 in Axes
  3361 | D:5      | Found a large runed translucent door.
  3361 | D:5      | Found a large runed translucent door.
  3365 | D:5      | Noticed CumLord's ghost (amateur FoFi)
  3433 | D:5      | Noticed a troll
  3450 | D:6      | Slain by a water moccasin

Illustrated notes

Levels and vault maps discovered:
D:1:      minmay_arrival_hallway, layout_basic, minmay_misc_feat_tiny
D:2:      layout_loops_ring, hellmonk_ecumenical_altar_arch_garden
D:3:      layout_rooms, mainiacjoe_overflow_brackets,
          nicolae_figureground_pulse, uniq_ijyb
D:4:      layout_rooms, minmay_temple_entry_statues_fountains,
          hangedman_decor_slide_cut
D:5:      layout_basic, ebering_ghost_disaster_area,
          chequers_serial_rivers_marsh
D:6:      layout_gridville, minitemple, elyvilon_altar_1
Temple:   hellmonk_temple_rainy

Skill      XL: |  1  2  3  4  5  6  7 |
---------------+----------------------+-----
Invocations    | 1 2 3 4 |  4.8
Axes           | 3 4 5 |  5.1
Fighting       | 4 5 |  5.4
Armour         | 4 5 |  5.4
Shields        | |  3.2

Action                     |  1- 3 |  4- 6 |  7- 9 || total
---------------------------+-------+-------+-------++-------
  Melee: War axe           |   115 |   146 |    34 ||   295
    Use: Scroll            |     5 |     3 |       ||     8
         Potion            |       |     3 |     2 ||     5
 Armour: Scale mail        |    89 |   126 |    47 ||   262
  Dodge: Dodged            |    59 |    79 |    18 ||   156
  Block: Buckler           |    26 |    39 |    10 ||    75

Table legend: (Time is in decaauts)
 A = Elapsed time spent in this place.
 B = Non-inter-level travel time spent in this place.
 C = Inter-level travel time spent in this place.
 D = Time resting spent in this place.
 E = Time spent auto-exploring this place.
 F = Levels seen in this place.
 G = Mean time per level.
                   A        B        C        D        E       F      G
               +--------+--------+--------+--------+--------+-----+--------+
         Total |   3554 |   3491 |     63 |    180 |   2508 |   7 |  507.7 |
       Dungeon |   3541 |   3478 |     63 |    180 |   2508 |   6 |  590.2 |
        Temple |     12 |     12 |      0 |      0 |      0 |   1 |   12.0 |
               +--------+--------+--------+--------+--------+-----+--------+

Top non-repeatable levels by time:
     D:2: 802 daAuts
     D:4: 783 daAuts
     D:1: 689 daAuts
     D:3: 652 daAuts
     D:5: 602 daAuts
  Temple: 12 daAuts
     D:6: 12 daAuts
